 Dungeon Crawl Stone Soup version 0.16-b1 (webtiles) character file.

5648 datmedicine the Protected (level 10, -2/68 HPs)
             Began as a Demonspawn Fighter on Mar 4, 2015.
             Was a High Priest of Ru.
             Slain by an eight-headed hydra (10 damage)
             ... on level 2 of the Lair of Beasts.
             The game lasted 00:48:10 (9018 turns).

datmedicine the Protected (Demonspawn Fighter)      Turns: 9018, Time: 00:48:10

Health: -2/68      AC: 11    Str: 24    XL:     10   Next: 46%
Magic:  0/9        EV: 13    Int: 12    God:    Ru [*****.]
Gold:   343        SH: 10    Dex: 18    Spells: 0 memorised, 9 levels left

rFire  x . .     SeeInvis .     B - +1 falchion (drain)
rCold  + + .     Clarity  .     p - +0 ring mail {rC+}
rNeg   . . .     SustAb   .     c - +0 shield
rPois  .         Gourm    .     A - +0 helmet
rElec  .         Spirit   +     o - +0 cloak (curse)
rCorr  .         Warding  .     (no gloves)
rMut   .         Stasis   .     (no boots)
MR     .....                    (no amulet)
Stlth  ++........               u - +2 ring of intelligence
                                i - ring of ice

@: mighty, agile, exhausted, heavily drained, not resistant to hostile
enchantments, unstealthy
A: claws 2, thin metallic scales 1, low mp 1, powered by pain 1, magic shield,
inability to use devices, unskilled 1
a: Draw Out Power, Power Leap, Apocalypse, Renounce Religion


You were on level 2 of the Lair of Beasts.
You worshipped Ru.
Ru was extremely pleased with you.
You were not hungry.

You visited 2 branches of the dungeon, and saw 10 of its levels.

You collected 343 gold pieces.

Inventory:

Hand weapons
 a - a +0 flail
 f - the +7 dagger "Waysh" {antimagic, +Fly rPois rC- rN++, unknown}
   (You found it on level 2 of the Lair of Beasts)

   It disrupts the flow of magical energy around spellcasters and certain
   magical creatures (including the wielder).
   It makes you vulnerable to cold.
   It protects you from poison.
   It greatly protects you from negative energy.
   It lets you fly.
 k - a +0 morningstar
 B - a +1 falchion of draining (weapon)
 H - a +2 scimitar
Missiles
 e - 8 javelins
 g - 16 stones (quivered)
Armour
 b - a +0 scale mail
 c - a +0 shield (worn)
 o - a cursed +0 cloak (worn)
 p - a +0 ring mail of cold resistance (worn)
 A - a +0 helmet (worn)
Jewellery
 i - a ring of ice (left claw)
 u - a +2 ring of intelligence (right claw)
 w - a +4 ring of protection {unknown}
Magical devices
 s - a wand of fireball (4)
Scrolls
 h - 2 scrolls of fog
 l - a scroll of identify
 m - 4 scrolls of fear
 q - a scroll of remove curse {unknown}
 r - a scroll of amnesia {unknown}
 v - a scroll of blinking {unknown}
 x - a scroll of enchant armour {unknown}
 y - a scroll of noise
 D - a scroll of teleportation
Potions
 j - 5 potions of curing
 z - 3 potions of poison {unknown}
 E - a potion of cancellation {unknown}
 G - a potion of magic
Books
 F - a book of Spatial Translocations

   Spells                             Type                      Level
   a - Apportation                    Translocation                1
   b - Blink                          Translocation                2
   c - Shroud of Golubria             Charms/Translocation         2
   d - Portal Projectile              Translocation                3
   e - Teleport Other                 Translocation                3
   f - Passage of Golubria            Translocation                4
Comestibles
 d - 4 bread rations
 n - 2 beef jerkies
 t - 2 meat rations
 C - a slice of pizza
 I - 4 chunks of flesh


   Skills:
 - Level 2.6(0.3) Fighting
 - Level 4.1(1.7) Long Blades
 - Level 5.1(2.6) Maces & Flails
 * Level 10.4(7.5) Armour
 + Level 5.8(3.2) Shields


You had 9 spell levels left.
You didn't know any spells.

Dungeon Overview and Level Annotations

Branches:
Dungeon (8/15)             Temple (0/1) D:5            Lair (2/8) D:8

Altars:
Dithmenos
Ru
Vehumet
Yredelemnul

Annotations:
D:4 Sigmund
D:8 Erolcha
Lair:1 datmedicine's ghost, experienced DsBe


Innate Abilities, Weirdness & Mutations

You have very sharp fingernails.
You are partially covered in thin metallic scales (AC +2).
Your magical capacity is low (-10% MP).
You sometimes gain a little power by taking damage.
When hurt, damage is shared between your health and your magic reserves.
You cannot study or use magical devices.
You are somewhat unskilled (-1 Apt).


Message History

The seven-headed hydra bites you but does no damage. x2
You block the quokka's attack.
You slice one of the seven-headed hydra's heads off!
The six-headed hydra grows two more!
You hit the eight-headed hydra.
The eight-headed hydra is heavily wounded.
The eight-headed hydra bites you but does no damage.
The eight-headed hydra bites you. x2
The eight-headed hydra bites you!
You focus on the pain.
You feel very mighty all of a sudden. The eight-headed hydra bites you! x2
* * * LOW HITPOINT WARNING * * *
The eight-headed hydra closely misses you.
The eight-headed hydra bites you!
* * * LOW HITPOINT WARNING * * *
You focus on the pain.
You feel agile all of a sudden. You block the quokka's attack.
The eight-headed hydra closely misses you.
The eight-headed hydra bites you!
You die...

### ### ###.#
##.###### ....#
#.......# .#..#
#...##..## ..#.#
#....##@r# .#..#
##.####D## ....##
#.# #.Sr# .#..P# #.#
#..## รท##.## #.#
#..# .##.P# ##.#
##.## .##>.# ##..#
##..#
..#.#####.P.###..##
.##.##......P#...###


You could see an eight-headed hydra, an adder and 2 quokkas.

Vanquished Creatures
  A spiny frog (Lair:1)
  Eustachio (D:8)
  8 yaks
  A deep elf fighter (D:8)
  A hippogriff (D:7)
  Menkaure (D:6)
  5 wolves (Lair:1)
  An ice beast (D:4)
  2 crocodiles
  4 ogres
  3 centaurs
  A phantom (D:5)
  2 giant frogs (Lair:2)
  The ghost of gabygaby the Chiller, an average GrIE (D:3)
  A wyvern zombie (D:8)
  4 scorpions
  8 killer bees (D:7)
  7 wights
  3 jellies (D:6)
  2 crimson imps
  3 goliath beetles
  3 hounds
  4 orc priests
  4 iguanas
  A giant frog skeleton (D:6)
  A centaur skeleton (D:6)
  9 orc wizards
  4 worker ants
  A worker ant zombie (D:7)
  12 river rats
  11 adders
  A worm (D:3)
  An ufetubus (D:8)
  3 adder skeletons
  2 giant geckos
  21 orcs
  2 ball pythons
  A bat skeleton (D:4)
  4 bat zombies
  10 goblins
  7 hobgoblins
  10 jackals
  9 kobolds
  5 quokkas
  13 bats
  4 giant cockroaches
  A giant cockroach zombie (D:6)
  3 giant newts
  A jackal skeleton (D:4)
  A jackal zombie (D:5)
  24 rats
  A spectral orc (D:7)
  2 fungi (Lair:2)
236 creatures vanquished.

Vanquished Creatures (others)
  An orc warrior (D:6)
  4 ogres (D:6)
  A scorpion (D:6)
  2 giant frogs (D:6)
  An orc priest (D:6)
  A crimson imp (D:6)
  A worker ant (D:6)
  An iguana (D:6)
  3 orcs (D:6)
  A hobgoblin (D:6)
  4 jackals (D:6)
  A bat (D:6)
  A quokka (Lair:2)
  A rat (D:8)
  5 fungi
  4 plants
32 creatures vanquished.

Grand Total: 268 creatures vanquished

Notes
Turn   | Place    | Note
--------------------------------------------------------------
     0 | D:1      | datmedicine, the Demonspawn Fighter, began the quest for the Orb.
     0 | D:1      | Reached XP level 1. HP: 18/18 MP: 1/1
   380 | D:1      | Gained mutation: You are partially covered in thin metallic scales (AC +2). [demonic ancestry]
   380 | D:1      | Reached XP level 2. HP: 24/24 MP: 2/2
   517 | D:2      | Reached skill level 4 in Armour
   517 | D:2      | Gained mutation: You have sharp fingernails. [demonic ancestry]
   517 | D:2      | Reached XP level 3. HP: 15/29 MP: 3/3
   907 | D:4      | Noticed Sigmund
   948 | D:3      | Gained mutation: When hurt, damage is shared between your health and your magic reserves. [demonic ancestry]
   948 | D:3      | Reached XP level 4. HP: 20/35 MP: 4/4
   998 | D:3      | Noticed gabygaby's ghost (average GrIE)
  1044 | D:4      | Found a sacrificial altar of Ru.
  1054 | D:4      | Became a worshipper of Ru the Awakened
  1068 | D:5      | Entered Level 5 of the Dungeon
  1075 | D:5      | Found a staircase to the Ecumenical Temple.
  1076 | D:5      | Noticed an ogre
  1243 | D:4      | Noticed a scorpion
  1250 | D:4      | Reached skill level 5 in Armour
  1264 | D:4      | Killed a scorpion
  1264 | D:4      | Reached XP level 5. HP: 15/41 MP: 2/5
  2263 | D:3      | Found a radiant altar of Vehumet.
  2341 | D:3      | Reached skill level 6 in Armour
  2853 | D:4      | Gained mutation: You have very sharp fingernails. [demonic ancestry]
  2853 | D:4      | Reached XP level 6. HP: 20/47 MP: 4/6
  3122 | D:4      | Gained mutation: You cannot study or use magical devices. [Ru sacrifice]
  3122 | D:4      | Acquired Ru's first power
  3122 | D:4      | Acquired Ru's second power
  3122 | D:4      | Acquired Ru's third power
  3420 | D:3      | Killed gabygaby's ghost
  3420 | D:3      | Reached skill level 7 in Armour
  3560 | D:5      | Noticed an ice beast
  3594 | D:4      | Killed an ice beast
  3594 | D:4      | Gained mutation: You sometimes gain a little power by taking damage. [demonic ancestry]
  3594 | D:4      | Reached XP level 7. HP: 32/52 MP: 5/7
  3865 | D:4      | Killed an ogre
  3943 | D:5      | Noticed a phantom
  4002 | D:5      | Killed a phantom
  4412 | D:5      | Found a shadowy altar of Dithmenos.
  4856 | D:6      | Noticed Menkaure
  4863 | D:6      | Killed Menkaure
  4863 | D:6      | Reached skill level 5 in Maces & Flails
  4863 | D:6      | Reached XP level 8. HP: 33/58 MP: 4/8
  5733 | D:6      | Reached skill level 1 in Long Blades
  6400 | D:7      | Reached skill level 8 in Armour
  6679 | D:7      | Gained mutation: You are somewhat unskilled (-1 Apt). [Ru sacrifice]
  6679 | D:7      | Reduced skill Armour to level 7
  6679 | D:7      | Acquired Ru's fourth power
  6764 | D:7      | Reached XP level 9. HP: 31/62 MP: 9/9
  6941 | D:7      | Found a basalt altar of Yredelemnul.
  6961 | D:8      | Noticed Erolcha
  7207 | D:7      | Reached skill level 8 in Armour
  7457 | D:8      | Noticed Eustachio
  7704 | D:8      | Killed Eustachio
  7769 | D:8      | Reached skill level 9 in Armour
  7786 | D:8      | Found a staircase to the Lair.
  7863 | Lair:1   | Entered Level 1 of the Lair of Beasts
  7916 | Lair:1   | Reached skill level 5 in Shields
  7916 | Lair:1   | Reached XP level 10. HP: 41/68 MP: 1/10
  8035 | Lair:1   | Noticed datmedicine's ghost (experienced DsBe)
  8036 | Lair:1   | Noticed a spiny frog
  8059 | Lair:1   | Killed a spiny frog
  8516 | Lair:1   | Noticed a spiny frog
  8593 | Lair:2   | Reached skill level 10 in Armour
  8926 | Lair:2   | Got a pitted dagger
  8927 | Lair:2   | Gained mutation: Your magical capacity is low (-10% MP). [Ru sacrifice]
  8927 | Lair:2   | Acquired Ru's fifth power
  8987 | Lair:2   | Noticed a seven-headed hydra
  9018 | Lair:2   | Slain by an eight-headed hydra

Action                   |  1- 3 |  4- 6 |  7- 9 | 10-12 || total
-------------------------+-------+-------+-------+-------++-------
Melee: Flail             |   118 |   285 |       |       ||   403
       Morningstar       |       |    21 |   118 |       ||   139
       Falchion          |       |       |   591 |   133 ||   724
Throw: Stone             |       |       |     7 |     5 ||    12
Invok: Sacrifice Artific |       |     1 |       |       ||     1
       Draw Out Power    |       |       |     6 |     2 ||     8
       Power Leap        |       |       |    12 |     4 ||    16
       Sacrifice Skill   |       |       |     1 |       ||     1
       Apocalypse        |       |       |       |     1 ||     1
       Sacrifice Essence |       |       |       |     1 ||     1
  Use: Potion            |       |     4 |     1 |     1 ||     6
       Scroll            |       |       |     5 |       ||     5
 Stab: Paralysed         |       |     1 |       |       ||     1
       Invisible         |       |     1 |    10 |     1 ||    12
       Sleeping          |       |       |       |     1 ||     1
  Eat: Chunk             |       |    10 |    11 |     3 ||    24
       Meat ration       |       |       |     1 |       ||     1
